 Dungeon Crawl Stone Soup version 0.30.1-4-g462c640d31 (webtiles) character file.

Game seed: 11644188509895165376

28153 monsoonserge the Thaumaturge (level 13, -11/83 HPs)
             Began as a Djinni Venom Mage on Aug 14, 2023.
             Was an Elder of Elyvilon.
             Mangled by a komodo dragon (20 damage)
             ... on level 3 of the Lair of Beasts.
             The game lasted 01:27:56 (15900 turns).

monsoonserge the Thaumaturge (Djinni Venom Mage)   Turns: 15900, Time: 01:27:57

Health: -11/83     AC: 11    Str:  7    XL:     13   Next: 71%
Gold:   3098       EV: 13    Int: 23    God:    Elyvilon [****..] SH:  0 Dex: 24

rFire   + + +        k - +6 short sword (freeze)
rCold   . . .        (no shield)
rNeg    + . .        j - +3 ring mail of Tartarus {rN+ Regen+ Dex+5 Stlth-}
rPois   ∞            x - +0 helmet
rElec   .            n - scarf {rC+ rF+}
rCorr   .            (no gloves)
SInv    .            (boots unavailable)
Will    +....        f - amulet of regeneration
Stlth   +            I - +4 ring of slaying
HPRegen 1.93/turn    i - +6 ring of dexterity
MPRegen 0.00/turn

%: infuse magic (-12 HP)
@: flying, slowed, very slow
A: sickness immunity, fire resistance 2, cold vulnerability 1, float, innate
caster, HP casting, extra vitality 1
a: Renounce Religion, Purification, Heal Other, Heal Self


You were on level 3 of the Lair of Beasts.
You worshipped Elyvilon.
Elyvilon was greatly pleased with you.
You visited 3 branches of the dungeon, and saw 15 of its levels.

You collected 3098 gold pieces.

Inventory:

Hand Weapons
 k - a +6 short sword of freezing (weapon)
 H - a +8 flail
 Q - a +0 arbalest
Missiles
 q - 8 boomerangs
 B - 17 poisoned darts (quivered)
 J - 18 boomerangs of dispersal
Armour
 j - the +3 ring mail of Tartarus (worn) {rN+ Regen+ Dex+5 Stlth-}
   (You found it on level 1 of the Lair of Beasts)

   Dex:       It affects your dexterity (+5).
   rN:        It protects you from negative energy.
   Regen:     It increases your rate of health regeneration.
   Stlth:     It makes you less stealthy.
 n - a scarf of resistance (worn)
 x - a +0 helmet (worn)
 M - a +0 troll leather armour
 N - +0 acid dragon scales
Jewellery
 f - an amulet of regeneration (around neck)
 i - a +6 ring of dexterity (right hand)
 I - a +4 ring of slaying (left hand)
Wands
 g - a wand of quicksilver (12)
 r - a wand of paralysis (5)
 t - a wand of flame (40)
 y - a wand of iceblast (16)
Scrolls
 c - a scroll of torment {unknown}
 d - a scroll of vulnerability {unknown}
 m - 2 scrolls of fog
 s - a scroll of blinking
 w - 6 scrolls of enchant armour
 A - a scroll of silence {unknown}
 D - a scroll of fear {unknown}
 E - a scroll of noise {unknown}
 K - 3 scrolls of magic mapping
 L - a scroll of enchant weapon {unknown}
 O - 2 scrolls of teleportation
Potions
 a - 4 potions of brilliance
 b - 2 potions of heal wounds
 e - 3 potions of ambrosia
 h - 5 potions of curing
 l - 4 potions of invisibility {unknown}
 o - 2 potions of mutation
 p - 3 potions of attraction
 u - a potion of might
 v - a potion of lignification
 z - 3 potions of berserk rage
 C - 4 potions of haste
 G - a potion of cancellation {unknown}
 P - a potion of flight {unknown}


   Skills:
 + Level 4.0 Fighting
 + Level 2.1 Short Blades
 + Level 1.4 Staves
 + Level 0.1 Throwing
 + Level 7.3 Armour
 + Level 5.5 Dodging
 + Level 3.2 Stealth
 * Level 13.8 Spellcasting
 * Level 7.8 Invocations
 - Level 4.0 Evocations


You knew the following spells:

 Your Spells              Type           Power      Damage    Failure   Level
a - Sting                 Tmut/Pois      100%       1d8       1%          1
b - Poisonous Vapours     Pois/Air       100%       N/A       1%          2
c - Mephitic Cloud        Conj/Pois/Air  68%        N/A       1%          3
d - Olgreb's Toxic Radia  Pois           68%        N/A       1%          4
e - Sandblast             Erth           100%       2d20      1%          1
f - Searing Ray           Conj           100%       2d8       1%          2
g - Frozen Ramparts       Ice            100%       1d16      1%          3
h - Volatile Blastmotes   Fire/Tloc      100%       2d18      1%          3
i - Flame Wave            Conj/Fire      68%        2d15      1%          4
j - Iskenderun's Battles  Conj           68%        2d12      1%          5
Your spell library was empty.

Dungeon Overview and Level Annotations

Branches:
Dungeon (11/15)            Temple (1/1) D:6            Lair (3/5) D:11
  Snake (0/4) Lair:2
  Swamp: Lair:2-3    Shoals: Lair:2-3       Orc: D:9-12

Altars:
Ashenzari
Cheibriados
Dithmenos
Elyvilon
Fedhas
Gozag
Hepliaklqana
Makhleb
Nemelex Xobeh
Okawaru
Qazlal
Ru
Trog
Uskayaw
Wu Jian
Xom
Yredelemnul
Zin
The Shining One


Innate Abilities, Weirdness & Mutations

You are immune to sickness and miasma.
You are immune to poison.
Your flesh is very heat resistant. (rF++)
You are vulnerable to cold. (rC-)
You float through the air rather than walking.
You learn spells naturally, not from books.
Your magical power is your life essence.
You have superior vitality. (+4 MHP)


Message History

Aim: a bog body (steam, moderately damaged, 85% to hit)
The searing ray hits the bog body.
The bog body is heavily damaged. (Press . to maintain the ray.)
Your battlesphere fires!
The barrage of energy hits the bog body!
The bog body is severely damaged.
The bog body casts a spell at you. You resist with some effort.
The bog body closely misses you.
The searing ray hits the bog body!
The bog body is almost destroyed.
Your battlesphere fires!
The barrage of energy hits the bog body!
You destroy the bog body!
The komodo dragon bites you!
Unknown command.
Casting: Searing Ray (safe; 1% risk of failure)
Confirm with . or Enter, or press ? or * to list all spells.
Restarting spell: Searing Ray (safe; 1% risk of failure)
Press: ? - help, Shift-Dir - straight line, f - komodo dragon
Aim: a komodo dragon (87% to hit)
The searing ray hits the komodo dragon.
The komodo dragon is lightly wounded. (Press . to maintain the ray.)
Your battlesphere fires!
The barrage of energy hits the komodo dragon!
The komodo dragon is moderately wounded.
The komodo dragon bites you!
A bullfrog comes into view.
The searing ray hits the komodo dragon!
The komodo dragon is heavily wounded.
Your battlesphere fires!
The barrage of energy hits the komodo dragon!
The komodo dragon is almost dead.
Your battlesphere is engulfed in blazing flames.
The komodo dragon bites you!!
* * * LOW HITPOINT WARNING * * *
Your battlesphere is engulfed in blazing flames.
The komodo dragon bites you!!
You die...

.....................#
....................##
....................#
♣♣♣.................##
♣♣♣♣♣♣§§§.........P#
~≈~♣§§§*..####...#
..♣.§§⌠..#.# #...#
♣.....⌠....####.P#
♣§§l@....P##.P#
♣..........+.##
......###..##....#
#....F #..####..#
..... #..# ...# .....
.... ...# ....
.........## ....
..........# ......
....$


You could see a komodo dragon (ally target), a bullfrog and a friendly
battlesphere.

Vanquished Creatures
  A hydra (D:11)
  A boulder beetle (D:11)
  2 centaur warriors (D:11)
  A two-headed ogre (D:11)
  A tengu warrior (D:11)
  A bog body (Lair:3)
  Lodul (D:10)
  A cyclops (D:11)
  3 manticores (D:11)
  A salamander (Lair:2)
  2 cane toads (Lair:2)
  3 black mambas
  A gargoyle (D:11)
  A torpor snail (Lair:1)
  2 rime drakes (Lair:2)
  A komodo dragon (Lair:2)
  A freezing wraith (D:11)
  4 trolls
  A hornet (D:8)
  Grinder (D:3)
  6 blink frogs
  2 dream sheep (Lair:2)
  Sigmund (D:2)
  A wraith (D:10)
  2 basilisks
  A vampire (D:9)
  40 yaks
  2 wyverns
  3 steam dragons
  Eustachio (D:4)
  3 acid dragons
  11 water moccasins
  Duvessa (D:4)
  3 orc warriors (D:11)
  8 ogres
  2 black bears
  An ice beast (D:5)
  6 wolves (Lair:2)
  3 centaurs
  6 kobold brigands
  9 bullfrogs
  A gnoll sergeant (D:6)
  A wyvern zombie (D:7)
  5 scorpions
  21 wights
  Dowan (D:4)
  18 killer bees
  6 howler monkeys
  2 electric eels
  3 lava snakes (Lair:2)
  2 centaur zombies (D:7)
  Crazy Yiuf (D:2)
  An orc priest (D:7)
  2 hounds (D:5)
  2 jellies
  Ijyb (D:4)
  Natasha (twice) (D:2)
  4 iguanas
  3 orc wizards
  A killer bee zombie (D:7)
  7 gnolls
  4 adders
  A shadow imp (D:5)
  A white imp (D:8)
  An ufetubus (D:3)
  2 worms
  2 dart slugs
  17 orcs
  9 endoplasms
  4 giant cockroaches
  3 hobgoblins
  2 quokkas
  9 ball pythons
  2 bats
  A frilled lizard (D:3)
  4 goblins
  19 kobolds
  6 rats
  2 butterflies (Lair:2)
315 creatures vanquished.

Vanquished Creatures (others)
  A wyvern (Lair:3)
  A wight (D:8)
2 creatures vanquished.

Grand Total: 317 creatures vanquished

Notes
Turn   | Place    | Note
-------+----------+-------------------------------------------
     0 | D:1      | monsoonserge the Djinni Venom Mage began the quest for the
                  | Orb.
     0 | D:1      | monsoonserge set off with the following spells memorised:
                  | Sting, Poisonous Vapours, Mephitic Cloud, Olgreb's Toxic
                  | Radiance.
     0 | D:1      | Reached XP level 1. HP: 15/15 MP: 0/0
   437 | D:1      | Reached XP level 2. HP: 16/21 MP: 0/0
   518 | D:1      | Reached skill level 1 in Armour
   897 | D:2      | Reached XP level 3. HP: 21/25 MP: 0/0
   897 | D:2      | Learned a level 1 spell: Sandblast
  1031 | D:2      | Found a runed translucent door.
  1032 | D:2      | Noticed Crazy Yiuf
  1069 | D:2      | Noticed Sigmund
  1078 | D:2      | Killed Sigmund
  1079 | D:2      | Reached skill level 3 in Spellcasting
  1079 | D:2      | Reached XP level 4. HP: 18/31 MP: 0/0
  1079 | D:2      | Reached XP level 5. HP: 20/35 MP: 0/0
  1079 | D:2      | Learned a level 2 spell: Searing Ray
  1326 | D:2      | Noticed Natasha
  1336 | D:2      | Killed Natasha
  1337 | D:2      | Reached XP level 6. HP: 4/40 MP: 0/0
  1340 | D:2      | Noticed Natasha
  1342 | D:2      | You are sucked into a shaft and drop 1 floor!
  1560 | D:3      | Noticed Grinder
  1568 | D:3      | Noticed a water moccasin
  1586 | D:3      | Killed a water moccasin
  1587 | D:3      | Reached skill level 4 in Spellcasting
  1805 | D:3      | Paralysed by Grinder for 3 turns
  1811 | D:3      | Killed Grinder
  1812 | D:3      | Reached skill level 5 in Spellcasting
  1812 | D:3      | Reached XP level 7. HP: 29/45 MP: 0/0
  1812 | D:3      | Learned a level 3 spell: Frozen Ramparts
  1956 | D:2      | Killed Natasha
  2122 | D:2      | Killed Crazy Yiuf
  2423 | D:4      | Noticed a water moccasin
  2432 | D:4      | Killed a water moccasin
  2433 | D:4      | Reached XP level 8. HP: 33/51 MP: 0/0
  2516 | D:4      | Noticed Eustachio
  2516 | D:4      | Noticed Duvessa
  2518 | D:4      | Noticed Dowan
  2521 | D:4      | Killed Dowan
  2522 | D:4      | Killed Eustachio
  2523 | D:4      | Reached skill level 6 in Spellcasting
  2526 | D:4      | Killed Duvessa
  2866 | D:4      | Noticed Ijyb
  2877 | D:4      | Killed Ijyb
  2931 | D:4      | Found a hazy altar of Hepliaklqana.
  2964 | D:4      | Found a burning altar of Makhleb.
  3298 | D:5      | Entered Level 5 of the Dungeon
  3530 | D:5      | Reached skill level 7 in Spellcasting
  3797 | D:4      | Reached XP level 9. HP: 48/56 MP: 0/0
  3797 | D:4      | Learned a level 3 spell: Volatile Blastmotes
  3995 | D:5      | Reached skill level 1 in Staves
  4268 | D:6      | Found a staircase to the Ecumenical Temple.
  4288 | Temple   | Entered the Ecumenical Temple
  4560 | Temple   | Became a worshipper of Elyvilon the Healer
  4904 | D:5      | Reached skill level 1 in Invocations
  4904 | D:5      | Reached skill level 1 in Evocations
  5179 | D:6      | Reached skill level 8 in Spellcasting
  5384 | D:6      | Reached skill level 1 in Fighting
  5884 | D:7      | Reached * piety under Elyvilon
  6504 | D:7      | Reached skill level 5 in Armour
  6561 | D:7      | Reached XP level 10. HP: 46/62 MP: 0/0
  6674 | D:7      | Reached skill level 9 in Spellcasting
  7300 | D:7      | Reached ** piety under Elyvilon
  7769 | D:9      | Reached skill level 1 in Short Blades
  7782 | D:10     | Entered Level 10 of the Dungeon
  8449 | D:8      | Reached skill level 10 in Spellcasting
  9044 | D:8      | Reached XP level 11. HP: 25/67 MP: 0/0
  9044 | D:8      | Learned a level 4 spell: Flame Wave
  9328 | D:7      | Identified 2 scrolls of acquirement
  9330 | D:7      | Acquired 928 gold pieces
  9332 | D:7      | Acquired 673 gold pieces
 10445 | D:9      | Reached *** piety under Elyvilon
 11001 | D:10     | Noticed Lodul
 11155 | D:9      | Reached skill level 11 in Spellcasting
 11493 | D:10     | Killed Lodul
 12010 | D:10     | Reached skill level 5 in Invocations
 12181 | D:11     | Reached XP level 12. HP: 55/76 MP: 0/0
 12376 | D:11     | Found a staircase to the Lair.
 12462 | D:11     | Noticed a five-headed hydra
 12473 | D:11     | Killed a five-headed hydra
 12822 | D:11     | Reached skill level 12 in Spellcasting
 12885 | D:11     | Noticed a tengu warrior
 13388 | D:11     | Killed a tengu warrior
 13687 | D:11     | Identified the +6 sling "Ylumarphi" {drain, rElec Dex-5
                  | Stlth+}
 13687 | D:11     | Noticed a centaur warrior
 13700 | D:11     | Killed a centaur warrior
 13876 | D:11     | Noticed a two-headed ogre
 13876 | D:11     | Noticed a boulder beetle
 13884 | D:11     | Noticed a centaur warrior
 13887 | D:11     | Noticed a fire dragon
 13891 | D:11     | Killed a two-headed ogre
 13898 | D:11     | Killed a centaur warrior
 13899 | D:11     | Killed a boulder beetle
 13900 | D:11     | Reached skill level 5 in Dodging
 13904 | D:11     | Pacified a fire dragon
 14310 | Lair:1   | Entered Level 1 of the Lair of Beasts
 14325 | Lair:1   | Reached XP level 13. HP: 77/81 MP: 0/0
 14325 | Lair:1   | Learned a level 5 spell: Iskenderun's Battlesphere
 14563 | Lair:1   | Identified the +3 ring mail of Tartarus {rN+ Regen+ Dex+5
                  | Stlth-}
 14575 | Lair:1   | Reached skill level 13 in Spellcasting
 15459 | Lair:2   | Reached **** piety under Elyvilon
 15540 | Lair:2   | Found a staircase to the Snake Pit.
 15900 | Lair:3   | Mangled by a komodo dragon

Illustrated notes

Levels and vault maps discovered:
D:1:      co_arrival_random_square_maze, layout_loops_ring
D:2:      layout_basic, uniq_natasha, uniq_sigmund, uniq_crazy_yiuf_cottage
D:3:      layout_rooms, uniq_grinder
D:4:      wander_river, layout_basic, mainiacjoe_overflow_large_starburst,
          serial_corexii_hall, corexii_hall_statues_x, corexii_hall_statues_i,
          serial_park_tiny_pond, uniq_eustachio, uniq_duvessa, uniq_ijyb
D:5:      layout_gridville, minmay_bent
D:6:      layout_rooms, minmay_temple_entry_statues_pillars
D:7:      layout_loops_corners, serial_undead, serial_undead_f, serial_undead_b,
          serial_undead_f, serial_undead_b, minmay_crystal_water,
          minmay_misc_feat_tower
D:8:      layout_cave_pools, hangedman_decor_push, minmay_unpleasant_kobolds
D:9:      layout_cave_pools, nicolae_sif_muna_condensation
D:10:     layout_cave_pools, uniq_lodul
D:11:     minmay_the_grid_plus [minmay_the_grid_dragon_a,
          minmay_the_grid_outer_diamond, minmay_the_grid_minigrid_small,
          minmay_the_grid_zigzag_pyramid, minmay_the_grid_prize_trominoes],
          layout_small_grid, lair_entry_dummy, vehumet_statue
Temple:   compressed_dpeg_triangle_lava_temple
Lair:1:   layout_hall_layers, grunt_megastairs_4, serial_bayou_shore_a,
          infiniplex_staircase_pool_2
Lair:2:   layout_chaotic_city, nicolae_snake_entry_warm_welcome,
          grunt_megastairs_1, lemuel_fruit_fields
Lair:3:   beast_lair_carwin_large_3, layout_regular_city,
          nicolae_swamp_entry_splash_gauntlet

Skill      XL: |  1  2  3  4  5  6  7  8  9 10 11 12 13 |
---------------+----------------------------------------+-----
Armour         | 1 3 4 5 6 7 |  7.3
Dodging        | 3 4 5 |  5.5
Stealth        | 2 3 |  3.2
Spellcasting   | 3 5 7 8 10 11 12 13 | 13.8
Staves         | 1 |  1.4
Invocations    | 1 2 5 6 7 |  7.8
Evocations     | 1 2 3 4 |  4.0
Fighting       | 1 2 3 4 |  4.0
Short Blades   | 1 2 |  2.1
Throwing       | |  0.1

Action                     |  1- 3 |  4- 6 |  7- 9 | 10-12 | 13-15 || total
---------------------------+-------+-------+-------+-------+-------++-------
  Melee: Unarmed           |     1 |       |       |       |       ||     1
         Dagger            |       |     1 |     3 |       |       ||     4
         Quarterstaff      |       |       |    10 |       |       ||    10
         Rapier            |       |       |     9 |       |       ||     9
         Flail             |       |       |     2 |       |       ||     2
         Short sword       |       |       |       |    45 |     3 ||    48
  Throw: Dart              |       |       |       |     2 |       ||     2
   Cast: Sting             |    46 |    10 |    92 |    75 |       ||   223
         Poisonous Vapours |     1 |     4 |    15 |     5 |     1 ||    26
         Mephitic Cloud    |     1 |       |    12 |    36 |     6 ||    55
         Searing Ray       |       |    12 |    33 |    33 |    42 ||   120
         Sandblast         |       |     1 |       |     1 |       ||     2
         Frozen Ramparts   |       |       |    14 |    12 |     2 ||    28
         Volatile Blastmot |       |       |    13 |    67 |       ||    80
         Olgreb's Toxic Ra |       |       |     1 |     8 |     1 ||    10
         Flame Wave        |       |       |       |    16 |     8 ||    24
         Iskenderun's Batt |       |       |       |       |    11 ||    11
 Invoke: Heal Other        |       |       |       |     7 |       ||     7
         Heal Self         |       |       |       |     7 |       ||     7
  Evoke: Wand              |       |       |     5 |     4 |       ||     9
    Use: Scroll            |       |       |       |    23 |     2 ||    25
         Potion            |       |       |       |     1 |       ||     1
   Stab: Confused          |       |       |     2 |     5 |       ||     7
 Armour: Leather armour    |     7 |     1 |       |       |       ||     8
         Ring mail         |       |       |    53 |    79 |    18 ||   150
         Acid dragon scale |       |       |       |    15 |     5 ||    20
  Dodge: Dodged            |    11 |     5 |    75 |   155 |    35 ||   281
